 Dungeon Sprint DCSS version 0.30.1 (webtiles) character file.

Game seed: 4608447673278228945

1878 boopmooplesden the Cruncher (level 9, -2/88 HPs)
             Began as a Gargoyle Gladiator on July 14, 2023.
             Was a High Priest of Trog.
             Slain by an orc priest
             ... wielding a +0 hand axe
              (4 damage)
             ... in the Dungeon (Sprint V: "Ziggurat Sprint").
             The game lasted 00:01:50 (491 turns).

boopmooplesden the Cruncher (Gargoyle Gladiator)     Turns: 491, Time: 00:01:50

Health: -2/88      AC: 27    Str: 34    XL:     9   Next: 14%
Magic:  9/9        EV:  9    Int:  9    God:    Trog [*****.]
Gold:   0          SH:  0    Dex: 11    Spells: 8/8 levels left

rFire   + . .        m - +5 lajatang
rCold   + . .        (shield currently unavailable)
rNeg    + + .        l - +5 gold dragon scales
rPois   ∞            c - +0 helmet
rElec   +            (no cloak)
rCorr   .            (no gloves)
SInv    .            (no boots)
Will    +++..        J - amulet of the Four Winds {rN+ Will+++ Clar} Stlth
                     E - +6 ring of strength
HPRegen 0.34/turn    D - +6 ring of strength
MPRegen 0.11/turn

%: no teleportation, clarity
@: berserking, studying Maces & Flails, very quick
A: sickness immunity, AC +6, negative energy resistance 1, electricity
resistance, torment resistance 1, petrification resistance
a: Renounce Religion, Berserk, Trog's Hand, Brothers in Arms


You were in the Dungeon.
You worshipped Trog.
Trog was extremely pleased with you.
You visited 1 branch

Inventory:

Hand Weapons
 a - a +0 quarterstaff
 m - a +5 lajatang (weapon)
 I - the +5 Lochaber axe {reach-cleave, Poleaxe Drain}
   (You found it in the Dungeon)

   Poleaxe:   It uses either Axes or Polearms skill, whichever is higher.
   Drain:     It drains your maximum health when unequipped.
Missiles
 d - 3 throwing nets (quivered)
 e - a javelin
Armour
 b - a +0 leather armour
 c - a +0 helmet (worn)
 l - +5 gold dragon scales (worn)
Jewellery
 y - a ring of flight
 z - a +6 ring of dexterity
 A - a +6 ring of dexterity
 B - a +6 ring of intelligence
 C - a +6 ring of intelligence
 D - a +6 ring of strength (right hand)
 E - a +6 ring of strength (left hand)
 J - the amulet of the Four Winds (around neck) {rN+ Will+++ Clar}
   (You found it in the Dungeon)

   [amulet of nothing]

   rN:        It protects you from negative energy.
   Clar:      It protects you from confusion, rage, mesmerisation and fear.
   Will:      It greatly increases your willpower.
Wands
 w - a wand of mindburst (7)
 x - a wand of quicksilver (14)
 H - a wand of roots (5)
Scrolls
 k - 4 scrolls of blinking
 n - 4 scrolls of amnesia
 o - 7 scrolls of fog
 p - 5 scrolls of identify
 q - 2 scrolls of fear
Potions
 f - 10 potions of curing
 g - 10 potions of heal wounds
 h - 6 potions of haste
 i - 7 potions of magic
 j - 3 potions of berserk rage
 r - 3 potions of brilliance
 s - 2 potions of invisibility
 t - 4 potions of resistance
 u - a potion of experience
 v - 5 potions of might
Miscellaneous
 F - a lightning rod (4/4)
 G - a piece from Xom's chessboard (15/15)


   Skills:
 + Level 8.2 Fighting
 + Level 13.4 Staves
 + Level 5.6 Throwing
 + Level 5.2 Armour
 + Level 9.6 Dodging


You had 8 spell levels left.
You didn't know any spells.
Your spell library was empty.

Dungeon Overview and Level Annotations

Branches:
Dungeon (1/1)

Altars:
Ashenzari
Cheibriados
Dithmenos
Elyvilon
Fedhas
Gozag
Hepliaklqana
Kikubaaqudgha
Makhleb
Nemelex Xobeh
Okawaru
Qazlal
Ru
Sif Muna
Trog
Uskayaw
Vehumet
Wu Jian
Xom
Yredelemnul
Zin
The Shining One
Jiyva
Lugonu

Annotations:
D 1 transporter


Innate Abilities, Weirdness & Mutations

You are immune to sickness and miasma.
Your stone body is resilient. (AC +6)
You are immune to poison.
You resist negative energy. (rN+)
You are resistant to electric shocks. (rElec)
You are resistant to unholy torment.
You are immune to petrification.


Message History

The orc priest casts a cantrip, but nothing happens.
The orc priest looks satisfied for a moment.
Found six items.
Found a transporter.
The orc wizard gestures wildly while chanting.
The orc wizard flickers and vanishes!
Deactivating autopickup; reactivate with Ctrl-A.
The orc priest mumbles some strange prayers to Beogh against you.
Beogh smites you!
You closely miss the orc. You slice the orc!!
You kill the orc!
Trog accepts your kill.
The orc priest invokes the aid of Beogh against you.
Beogh smites you!
The orc priest hits you but does no damage.
Something hits you.
* * * LOW HITPOINT WARNING * * *
The orc priest barely misses you.
Things that are here:
a +0 dagger; an orc corpse The orc priest misses you.
The orc priest hits you but does no damage.
The orc priest misses you. Something hits you but does no damage.
The orc hits you but does no damage.
A red film seems to cover your vision as you go berserk!
You feel yourself moving faster!
You feel mighty! Something hits you but does no damage.
The orc hits you but does no damage.
The orc priest calls down the wrath of Beogh upon you.
Beogh smites you!
* * * LOW HITPOINT WARNING * * *
The orc priest hits you but does no damage.
The orc priest mumbles some strange prayers to Beogh against you.
Beogh smites you!
* * * LOW HITPOINT WARNING * * *
You slice the orc priest!!
You kill the orc priest!
Trog accepts your kill.
The orc priest hits you with a +0 hand axe.
You die...

▓...†....▓........▓
▓.▓....▓.▓.▓....▓.▓
▓...©....▓...©....▓
▓▓▓▓▓▓▓▓▓▓▓▓▓▓▓▓▓▓▓
▓..8©8..▓ ▓..//|..▓
▓../|:..▓ ▓...o...▓
▓..{@o..▓ ▓..o))..▓
▓.......▓ ▓.▓...▓.▓
▓...©...▓ ▓▓▓▓▓▓▓▓▓


You could see 2 orc priests and an orc.

Vanquished Creatures
  3 draconians (D)
  Sigmund (D)
  A large abomination (D)
  2 hell hounds (D)
  A phantom (D)
  2 necrophages (D)
  2 quasits (D)
  An orc priest (D)
  Jessica (D)
  A shadow imp (D)
  An ufetubus (D)
  An adder zombie (D)
  An orc (D)
  A giant cockroach zombie (D)
19 creatures vanquished.

Vanquished Creatures (others)
  An adder zombie (D)
1 creature vanquished.

Grand Total: 20 creatures vanquished

Notes
Turn   | Place    | Note
-------+----------+-------------------------------------------
     0 | D        | boopmooplesden the Gargoyle Gladiator began the quest for
                  | the Orb.
     0 | D        | Reached XP level 1. HP: 12/12 MP: 1/1
    13 | D        | Found a blossoming altar of Fedhas.
    13 | D        | Found the +6 Majin-Bo {spellvamp, MP+6 Int+6}
    13 | D        | Found the +27 heavy crossbow "Sniper" {heavy, Acc+∞ SInv}
    13 | D        | Found the +10 dark maul {heavy}
    13 | D        | Found the +15 Maxwell's patent armour {-Cast -Tele rElec
                  | Will+ rCorr}
    13 | D        | Found the +18 shield of the Gong {Loud rN+ Will+ rCorr
                  | EV-5}
    13 | D        | Found the +16 obsidian axe {drain, demonic, Mesm Drain Fly
                  | SInv}
    13 | D        | Found the +7 great mace "Firestarter" {flame, immolate,
                  | rFlCloud rF++}
    13 | D        | Found the +6 shillelagh "Devastator" {shatter}
    13 | D        | Found the +11 plutonium sword {Contam Stlth-}
    13 | D        | Found the +8 lance "Wyrmbane" {slay drac, rPois rF+ rC+
                  | AC+3}
    13 | D        | Found the +9 sword of Zonguldrok {reap}
    13 | D        | Found the +13 scythe of Curses {drain, curses, Drain}
    13 | D        | Found the +9 sword of Power {lifebolt}
    13 | D        | Found the +7 mace of Variability {chaos, chaos arc}
    13 | D        | Found the +11 Singing Sword {sonic wave}
    13 | D        | Found the +8 storm bow {elec, penet}
    14 | D        | Found a viscous altar of Jiyva.
    14 | D        | Found a hazy altar of Hepliaklqana.
    14 | D        | Found a transporter.
    14 | D        | Found an opulent altar of Gozag.
    14 | D        | Found an ancient bone altar of Kikubaaqudgha.
    14 | D        | Found a corrupted altar of Lugonu.
    22 | D        | Found a burning altar of Makhleb.
    23 | D        | Found a sacrificial altar of Ru.
    23 | D        | Found a shimmering blue altar of Sif Muna.
    23 | D        | Found a stormy altar of Qazlal.
    23 | D        | Found a bloodstained altar of Trog.
    23 | D        | Found an iron altar of Okawaru.
    23 | D        | Found a sparkling altar of Nemelex Xobeh.
    50 | D        | Became a worshipper of Trog the Wrathful
    62 | D        | Entered arena 2.
    62 | D        | Noticed Sigmund
    62 | D        | Noticed Jessica
    62 | D        | Found a transporter.
    67 | D        | Killed Jessica
    68 | D        | Reached skill level 4 in Staves
    68 | D        | Reached XP level 2. HP: 13/19 MP: 2/2
    68 | D        | Reached XP level 3. HP: 16/23 MP: 3/3
    70 | D        | Killed Sigmund
    70 | D        | Reached * piety under Trog
    71 | D        | Reached skill level 7 in Staves
    71 | D        | Reached XP level 4. HP: 22/30 MP: 4/4
    71 | D        | Reached XP level 5. HP: 25/34 MP: 5/5
   205 | D        | Entered arena 3.
   205 | D        | Noticed a draconian
   205 | D        | Noticed a draconian
   205 | D        | Noticed a draconian
   205 | D        | Found a transporter.
   214 | D        | Killed a draconian
   215 | D        | Reached skill level 10 in Staves
   215 | D        | Reached XP level 6. HP: 26/41 MP: 6/6
   215 | D        | Reached XP level 7. HP: 29/46 MP: 7/7
   221 | D        | Killed a draconian
   222 | D        | Reached skill level 11 in Staves
   222 | D        | Reached skill level 5 in Throwing
   222 | D        | Reached XP level 8. HP: 8/52 MP: 8/8
   227 | D        | Killed a draconian
   227 | D        | Reached ** piety under Trog
   228 | D        | Reached skill level 12 in Staves
   387 | D        | Entered arena 4.
   387 | D        | Found a transporter.
   403 | D        | Reached *** piety under Trog
   435 | D        | Entered arena 5.
   435 | D        | Found a transporter.
   446 | D        | Reached skill level 13 in Staves
   446 | D        | Reached XP level 9. HP: 59/59 MP: 9/9
   454 | D        | Entered arena 6.
   454 | D        | Found the +5 Lochaber axe {reach-cleave, Poleaxe Drain}
   454 | D        | Found the amulet of the Four Winds {rN+ Will+++ Clar}
   454 | D        | Found a transporter.
   456 | D        | Reached **** piety under Trog
   463 | D        | Reached skill level 5 in Armour
   463 | D        | Reached ***** piety under Trog
   483 | D        | Entered arena 7.
   484 | D        | Found a transporter.
   490 | D        | HP: 2/88 [orc priest/divine providence (12)]
   491 | D        | Slain by an orc priest

Illustrated notes

Levels and vault maps discovered:
D:        sprint_v [room_start, room_1, room_2, room_3, room_4, room_5, room_6,
          room_7, room_8, room_9, room_10, room_11, room_12, room_13, room_14,
          room_15, room_16, room_17, room_18, room_19, room_20, room_21,
          room_22, room_23, room_24, room_25, room_26, room_27]

Skill      XL: |  1  2  3  4  5  6  7  8  9 |
---------------+----------------------------+-----
Fighting       | 3 4 6 7 8 |  8.2
Staves         | 4 7 10 11 13 | 13.4
Throwing       | 2 3 4 5 |  5.6
Dodging        | 3 6 7 8 9 |  9.6
Armour         | 2 3 4 5 |  5.2

Action                     |  1- 3 |  4- 6 |  7- 9 || total
---------------------------+-------+-------+-------++-------
  Melee: Lajatang          |     3 |     7 |    44 ||    54
 Invoke: Berserk           |       |     1 |     2 ||     3
 Armour: Gold dragon scale |     5 |     5 |    57 ||    67
  Dodge: Dodged            |     1 |     3 |    31 ||    35
